 Dungeon Crawl Stone Soup version 0.30-a0-4-ga7cffc901d (webtiles) character file.

Game seed: 10712653491388809500

578 Sweeb the Twirler (level 7, 0/54 HPs)
             Began as a Mummy Gladiator on Aug 21, 2022.
             Was a Believer of Makhleb.
             Slain by a hornet (2 damage)
             ... on level 5 of the Dungeon.
             The game lasted 00:08:25 (5131 turns).

Sweeb the Twirler (Mummy Gladiator)                 Turns: 5131, Time: 00:08:26

Health: 0/54       AC:  4    Str: 18    XL:     7   Next: 13%
Magic:  13/13      EV: 12    Int:  9    God:    Makhleb [**....]
Gold:   263        SH:  0    Dex: 13    Spells: 14/14 levels left

rFire   x . .      SeeInvis +    a - +2 quarterstaff (flame)
rCold   + . .      Faith    .    (shield currently unavailable)
rNeg    + + +      Spirit   .    b - +0 leather armour
rPois   ∞          Reflect  .    c - +0 helmet
rElec   .          Harm     .    (no cloak)
rCorr   .          Rampage  .    (no gloves)
Will    .....                    (no boots)
Stlth   +.........               (no amulet)
HPRegen 0.18/turn                h - ring of see invisible
MPRegen 0.13/turn                (no ring)

@: no status effects
A: cold resistance 1, negative energy resistance 3, torment resistance 2, heat
vulnerability 1, in touch with death 1, no potions
a: Renounce Religion, Minor Destruction


You were on level 5 of the Dungeon.
You worshipped Makhleb.
Makhleb was pleased with you.
You visited 1 branch of the dungeon, and saw 5 of its levels.
You also visited: Sewer and Ossuary.

You collected 263 gold pieces.

Inventory:

Hand Weapons
 a - a +2 quarterstaff of flaming (weapon)
 f - a +2 spectral quarterstaff
Missiles
 d - 3 throwing nets (quivered)
 e - a javelin
Armour
 b - a +0 leather armour (worn)
 c - a +0 helmet (worn)
 n - a +0 ring mail
Jewellery
 h - a ring of see invisible (left hand)
 o - a ring of willpower
Scrolls
 g - a scroll of fear
 i - 6 scrolls of teleportation
 j - 3 scrolls of butterflies
 k - 2 scrolls of identify
 l - a scroll of vulnerability
 m - 2 scrolls of enchant armour


   Skills:
 + Level 4.1 Fighting
 * Level 5.0 Staves
 - Level 1.5 Throwing
 - Level 2.4 Dodging
 + Level 1.0 Stealth
 + Level 4.2 Spellcasting


You had 14 spell levels left.
You didn't know any spells.
Your spell library contained the following spells:

 Spells                   Type           Power      Damage    Failure   Level
 Slow                     Hex            4%         N/A       32%         1
 Ensorcelled Hibernation  Hex/Ice        2%         N/A       43%         2
 Confusing Touch          Hex            1%         N/A       67%         3
 Vampiric Draining        Necr           2%         2d6       67%         3
 Anguish                  Hex/Necr       1%         N/A       97%         4
 Animate Dead             Necr           2%         N/A       97%         4
 Haunt                    Necr/Summ      1%         N/A       100%        7
 Infestation              Necr           1%         N/A       100%        8
 Spider Form              Tmut/Pois      Unusable   N/A       N/A         3

Dungeon Overview and Level Annotations

Branches:
Dungeon (5/15)              Sewer (visited)         Ossuary (visited)
 Temple: D:4-7

Altars:
Ashenzari
Hepliaklqana
Makhleb


Innate Abilities, Weirdness & Mutations

You are immune to poison.
Your flesh is cold resistant. (rC+)
You are immune to negative energy. (rN+++)
You are immune to unholy pain and torment.
You are vulnerable to heat. (rF-)
You are in touch with the powers of death.
You do not drink.


Message History

Makhleb accepts your kill.
You feel better.
Your Stealth skill increases to level 1!
You start resting.
HP restored.
i - 6 scrolls of teleportation (gained 1)
Found a stone staircase leading down.
There is a stone staircase leading down here.
A hornet comes into view.
A hornet is nearby!
Found 13 gold pieces.
You can't drink.
As you read the scroll of enchant weapon, it crumbles to dust.
Your +1 quarterstaff of flaming glows red for a moment.
The hornet closely misses you.
You closely miss the hornet. The hornet stings you.
You closely miss the hornet. The hornet stings you! x2
You closely miss the hornet. The hornet stings you!
The hornet closely misses you.
You hit the hornet. You burn the hornet.
The hornet is moderately wounded.
The hornet barely misses you.
You hit the hornet. You burn the hornet.
The hornet is moderately wounded.
The hornet closely misses you. x2
You miss the hornet.
The hornet is moderately wounded.
The hornet stings you. x2
* * * LOW HITPOINT WARNING * * *
You thump the hornet! You burn the hornet.
The hornet is severely wounded.
The hornet stings you!
* * * LOW HITPOINT WARNING * * *
You miss the hornet.
The hornet is severely wounded.
The hornet closely misses you. x2
You hit the hornet. You burn the hornet.
The hornet is almost dead.
The hornet stings you.
You die...

#...####
.......... ..
#......
.......... #.
#.#####
.........#.# ..
#.# .........#.#
.###.#
.........#.#
..#.#
.........#.#
#.#)#
.......y...#
#.#§# .......@..#
#.)[# $.........#
##..####
#########.#
#......# #.#
#.####.# #># #.#
#.### #####.# #.#
#...# #.....#
##.# ###.#
#####.##### ##..#
#.#
#........####..##
#.#


You could see a hornet.

Vanquished Creatures
  A human zombie (D:4)
  An orc priest (D:5)
  2 hounds (D:5)
  2 iguanas (D:5)
  Natasha (twice) (D:2)
  An orc wizard (D:5)
  2 hound zombies (Ossuary)
  3 mummies (Ossuary)
  3 river rats (Sewer)
  8 adders
  An adder zombie (Ossuary)
  A worm (D:5)
  A dart slug (D:1)
  4 orcs
  13 endoplasms
  7 giant cockroaches
  5 goblins
  6 hobgoblins
  14 jackals
  6 quokkas
  14 ball pythons
  9 bats
  6 frilled lizards
  A hobgoblin zombie (Ossuary)
  A jackal zombie (Ossuary)
  10 kobolds
  6 rats
  A rat zombie (Ossuary)
131 creatures vanquished.

Vanquished Creatures (collateral kills)
  A hound zombie (Ossuary)
  A mummy (Ossuary)
  3 hobgoblin zombies (Ossuary)
  A kobold zombie (Ossuary)
  A rat zombie (Ossuary)
7 creatures vanquished.

Grand Total: 138 creatures vanquished

Notes
Turn   | Place    | Note
-------+----------+-------------------------------------------
     0 | D:1      | Sweeb the Mummy Gladiator began the quest for the Orb.
     0 | D:1      | Reached XP level 1. HP: 16/16 MP: 1/1
   332 | D:1      | Reached XP level 2. HP: 22/22 MP: 3/3
   379 | D:1      | Reached skill level 1 in Spellcasting
   720 | D:1      | Reached skill level 3 in Staves
   821 | D:1      | Gained mutation: You are in touch with the powers of death.
                  | [Mummy growth]
   821 | D:1      | Reached XP level 3. HP: 21/28 MP: 4/4
  1488 | D:2      | Found a hazy altar of Hepliaklqana.
  1538 | D:2      | Reached XP level 4. HP: 33/34 MP: 6/6
  1844 | D:2      | Found a faded altar of an unknown god.
  1930 | D:2      | Noticed Natasha
  1934 | D:2      | Killed Natasha
  2148 | D:2      | Noticed Natasha
  2153 | D:2      | Killed Natasha
  2154 | D:2      | Reached XP level 5. HP: 41/41 MP: 8/8
  2333 | D:3      | Found a burning altar of Makhleb.
  2342 | D:3      | Became a worshipper of Makhleb the Destroyer
  2498 | D:3      | Reached skill level 4 in Staves
  2502 | D:3      | Found a glowing drain.
  2510 | Sewer    | Entered a sewer
  2740 | Sewer    | Reached * piety under Makhleb
  3642 | D:4      | Found a sand-covered staircase.
  3653 | D:4      | Reached XP level 6. HP: 26/47 MP: 10/10
  3775 | Ossuary  | Entered an ossuary
  4028 | Ossuary  | Reached ** piety under Makhleb
  4201 | D:5      | Entered Level 5 of the Dungeon
  4760 | D:5      | Found a broken altar of Ashenzari.
  4806 | D:5      | Reached XP level 7. HP: 43/54 MP: 13/13
  4881 | D:5      | Reached skill level 5 in Staves
  4933 | D:5      | Reached skill level 1 in Stealth
  5118 | D:5      | Noticed a hornet
  5129 | D:5      | HP: 2/54 [hornet (13)]
  5131 | D:5      | Slain by a hornet

Illustrated notes

Levels and vault maps discovered:
D:1:      lightli_arrival_chessboard, layout_basic, minmay_tree_intersection
D:2:      layout_loops_cross, basic_altar,
          hellmonk_ecumenical_altar_slurped_away,
          hangedman_decor_clover_reticule, uniq_natasha
D:3:      layout_rooms, mainiacjoe_overflow_tiny_flanked, portal_sewer_entry_b
D:4:      layout_loops_ring, enter_ossuary_3, uniq_edmund
D:5:      layout_rooms, evilmike_ruin_ashenzari, grunt_ministairs_7

Skill      XL: |  1  2  3  4  5  6  7 |
---------------+----------------------+-----
Spellcasting   | 1 2 3 4 |  4.2
Staves         | 3 4 5 |  5.0
Fighting       | 3 4 |  4.1
Stealth        | 1 |  1.0
Throwing       | |  1.5
Dodging        | |  2.4

Action                   |  1- 3 |  4- 6 |  7- 9 || total
-------------------------+-------+-------+-------++-------
Melee: Quarterstaff      |   156 |   219 |    25 ||   400
  Use: Scroll            |     5 |     8 |     1 ||    14
Armor: Leather armour    |    39 |   103 |     2 ||   144
Dodge: Dodged            |   116 |   176 |    15 ||   307

Table legend: (Time is in decaauts)
 A = Elapsed time spent in this place.
 B = Non-inter-level travel time spent in this place.
 C = Inter-level travel time spent in this place.
 D = Time resting spent in this place.
 E = Time spent auto-exploring this place.
 F = Levels seen in this place.
 G = Mean time per level.
                   A        B        C        D        E       F      G
               +--------+--------+--------+--------+--------+-----+--------+
         Total |   5344 |   5281 |     63 |    988 |   3148 |   7 |  763.4 |
       Dungeon |   3985 |   3922 |     63 |    839 |   2272 |   5 |  797.0 |
         Sewer |   1046 |   1046 |      0 |      0 |    804 |   1 | 1046.0 |
       Ossuary |    311 |    311 |      0 |    149 |     72 |   1 |  311.0 |
               +--------+--------+--------+--------+--------+-----+--------+

Top non-repeatable levels by time:
     D:1: 1283 daAuts
   Sewer: 1046 daAuts
     D:2: 1026 daAuts
     D:5: 932 daAuts
     D:3: 491 daAuts
 Ossuary: 311 daAuts
     D:4: 251 daAuts
